 Dungeon Crawl Stone Soup version 0.14.0-26-g1682e81 (webtiles) character file.

399 Heini the Skirmisher (level 6, -7/56 HPs)
             Began as a Hill Orc Fighter on Apr 26, 2014.
             Killed from afar by an orc wizard (9 damage)
             ... with a magic dart
             ... on Level 4 of the Dungeon.
             The game lasted 00:08:25 (2381 turns).

Heini the Skirmisher (Hill Orc Fighter)             Turns: 2381, Time: 00:08:25

HP  -7/56        AC  9     Str 21      XL: 6   Next:  3%
MP   6/6         EV  5     Int  8      God:
Gold 169         SH 18     Dex 10      Spells:  0 memorised,  5 levels left

rFire  . . .     SeeInvis .     a - +0 war axe
rCold  . . .     Clarity  .     x - +0 chain mail
rNeg   . . .     Conserve .     c - +0 shield
rPois  .         rCorr    .     (no helmet)
rElec  .         rRot     .     (no cloak)
SustAb . .       Spirit   .     (no gloves)
rMut   .         Warding  .     (no boots)
Saprov + . .     Stasis   .     (no amulet)
MR     .....                    (no ring)
                                (no ring)

@: flying, not resistant to hostile enchantments, extremely unstealthy
A: saprovore 1
a: no special abilities


You were on level 4 of the Dungeon.
You were not hungry.

You visited 1 branch of the dungeon, and saw 4 of its levels.

You collected 169 gold pieces.

Inventory:

Hand weapons
 a - a +0,+0 war axe (weapon)
 q - a -2,+0 hand axe
Armour
 b - a +0 scale mail
 c - a +0 shield (worn)
 x - a +0 chain mail (worn)
Magical devices
 t - a wand of polymorph (23)
Comestibles
 d - 2 meat rations
 h - a beef jerky
 l - a sausage
Scrolls
 e - a scroll of teleportation {unknown}
 f - 2 scrolls of identify
 i - 2 scrolls of remove curse
 p - a scroll of blinking {unknown}
 u - a scroll of noise {unknown}
 v - a scroll of immolation {unknown}
 y - a scroll of amnesia {unknown}
Jewellery
 g - an uncursed ring of sustenance {unknown}
 k - an uncursed ring of protection from magic {unknown}
 r - a cursed ring of regeneration {unknown}
Potions
 j - 2 potions of curing
 m - a potion of brilliance
 n - a potion of magic
 o - 4 potions of agility
 w - a potion of haste {unknown}


   Skills:
 * Level 5.3 Fighting
 * Level 5.3 Axes
 * Level 4.7 Armour
 - Level 3.3 Shields


You had 5 spell levels left.
You didn't know any spells.

Dungeon Overview and Level Annotations

Branches:
Dungeon (4/15)
 Temple: D:4-7

Altars:
Xom


Innate Abilities, Weirdness & Mutations

You can tolerate rotten meat.


Message History

The orc wizard casts a spell at you. The puff of frost hits you!
* * * LOW HITPOINT WARNING * * *
Drink which item? (? for menu, Esc to quit)
You feel very buoyant.
You fly up into the air.
It was a potion of flight.
The orc wizard gestures at you while chanting.
The magic dart hits you!
* * * LOW HITPOINT WARNING * * *
The orc wizard unwields an uncursed dagger.
The orc wizard drops an uncursed dagger.
The orc wizard picks up a hand axe.
The orc wizard wields a hand axe.
The orc wizard points at you and mumbles some strange words.
You block the puff of frost.
The orc wizard points at you and mumbles some strange words.
The magic dart hits you!
* * * LOW HITPOINT WARNING * * *
The orc wizard points at you and mumbles some strange words.
The magic dart hits you!
You die...

..# #)#
#.#####
#.....#
#####.# .
#.# #.# #o#
#.. #.# #.#
#@# #.# #.#
#.# #.# #.#
#.###.#####
#.......[.#
#####<###.#
#.# #.# #.#
#.# # #.#
#.# ####


You could see an orc wizard.

Vanquished Creatures
  An orc priest (D:4)
  An orc wizard (D:4)
  2 adders
  7 gnolls (D:2)
  A worm (D:3)
  A giant mite (D:3)
  2 giant geckos (D:3)
  An ooze (D:1)
  An orc (D:3)
  10 bats
  8 goblins
  5 hobgoblins
  4 jackals (D:1)
  2 ball pythons (D:2)
  2 giant cockroaches
  6 giant newts
  8 kobolds
  A quokka zombie (D:3)
  12 rats
75 creatures vanquished.

Vanquished Creatures (others)
  An orc wizard (D:4)
1 creature vanquished.

Grand Total: 76 creatures vanquished

Notes
Turn   | Place    | Note
--------------------------------------------------------------
     0 | D:1      | Heini, the Hill Orc Fighter, began the quest for the Orb.
     0 | D:1      | Reached XP level 1. HP: 19/19 MP: 1/1
    45 | D:1      | Reached skill level 4 in Fighting
    45 | D:1      | Reached XP level 2. HP: 22/27 MP: 2/2
   312 | D:1      | Reached XP level 3. HP: 31/33 MP: 3/3
   911 | D:2      | Reached XP level 4. HP: 39/41 MP: 4/4
  1021 | D:2      | Reached skill level 5 in Fighting
  1021 | D:2      | HP: 2/42 [adder (1)]
  1187 | D:2      | Found a shimmering altar of Xom.
  1220 | D:2      | Reached XP level 5. HP: 45/48 MP: 5/5
  1319 | D:2      | Paralysed by a potion of paralysis for 7 turns
  2358 | D:4      | Reached skill level 5 in Axes
  2365 | D:4      | Reached XP level 6. HP: 28/56 MP: 6/6
  2373 | D:4      | HP: 2/56 [orc wizard/magic dart (3)]
  2378 | D:4      | HP: 2/56 [orc wizard/magic dart (1)]
  2381 | D:4      | Killed from afar by an orc wizard

Action                   |  1- 3 |  4- 6 || total
-------------------------+-------+-------++-------
Melee: War axe           |    97 |   143 ||   240
Evoke: Wand              |       |     1 ||     1
  Use: Scroll            |     2 |     4 ||     6
       Potion            |       |     4 ||     4
